 Dungeon Crawl Stone Soup version 0.31-a0-175-g9f7f995f2b (webtiles) character file.

Game seed: 15091141861121410312

198607 Ofeo the Tortoise (level 18, 0/177 HPs)
             Began as an Armataur Reaver on June 17, 2023.
             Was the Champion of Lugonu.
             Slain by Mara
             ... wielding a +1 demon blade of freezing
              (18 damage)
             ... on level 3 of the Shoals on June 18, 2023.
             The game lasted 01:48:59 (42904 turns).

Ofeo the Tortoise (Armataur Reaver)                Turns: 42904, Time: 01:48:59

Health: 0/177      AC: 41    Str: 28    XL:     18   Next: 22%
Magic:  25/25      EV: 14    Int:  7    God:    Lugonu [******]
Gold:   223        SH:  0    Dex: 13    Spells: 20/21 levels left

rFire   + + .        Q - +5 battleaxe (distort)
rCold   . . .        (shield currently unavailable)
rNeg    . . .        R - +7 chain mail "Yqunk" {rPois}
rPois   +            t - +1 helmet of Olupes {Rampage rPois Regen+ Stlth-}
rElec   +            n - +2 cloak of Precision Catastrophes {Str+4 Int+2}
rCorr   +            m - +0 pair of gloves
SInv    .            M - +4 barding {Stlth+}
Will    +++++        u - necklace of Bloodlust {Fury *Rage Will++ Int-3 Slay+6}
Stlth   ++           V - +5 ring of evasion
HPRegen 1.29/turn    L - ring of Elyvilon's Pride {rElec rPois Will+++ rCorr Int-5}
MPRegen 0.19/turn

%: random rage (50%), roll
@: on berserk cooldown
A: large, rugged brown scales 3, deformed body, armoured tail, roll, long
tongue, awkward tongue, talons 1, agile 1, fire resistance 2, mutation
resistance 1
a: Renounce Religion, Depart the Abyss, Banish, Corrupt, Enter the Abyss


You were on level 3 of the Shoals.
You worshipped Lugonu.
Lugonu was exalted by your worship.
You visited 6 branches of the dungeon, and saw 30 of its levels.
You also visited: Volcano.

You collected 2635 gold pieces.
You spent 2412 gold pieces at shops.

Inventory:

Hand Weapons
 J - a +2 dire flail of electrocution
 Q - a +5 battleaxe of distortion (weapon)
Missiles
 f - 3 silver boomerangs
 j - 6 silver javelins
 k - 59 poisoned darts
 E - 9 datura-tipped darts
 N - 7 javelins
 S - a throwing net
Armour
 m - a +0 pair of gloves (worn)
 n - the +2 cloak of Precision Catastrophes (worn) {Str+4 Int+2}
   (You acquired it on level 8 of the Dungeon)

   Str:       It affects your strength (+4).
   Int:       It affects your intelligence (+2).
 t - the +1 helmet of Olupes (worn) {Rampage rPois Regen+ Stlth-}
   (You found it on level 5 of the Dungeon)

   rPois:     It protects you from poison.
   Regen:     It increases your rate of health regeneration.
   Rampage:   It bestows one free step when moving towards enemies.
   Stlth:     It makes you less stealthy.
 M - a +4 barding of stealth (worn)
 R - the +7 chain mail "Yqunk" (worn) {rPois}
   (You found it on level 1 of the Snake Pit)

   rPois:     It protects you from poison.
Jewellery
 e - an amulet of magic regeneration
 h - the ring "Gox Qiyz" {rC- MP+9 Slay+4 SInv Stlth+}
   (You took it off a merfolk impaler on level 3 of the Shoals)

   [ring of magical power]

   Slay:      It affects your accuracy & damage with ranged weapons and melee
   (+4).
   rC:        It makes you vulnerable to cold.
   MP:        It affects your magic capacity (+9).
   SInv:      It lets you see invisible.
   Stlth:     It makes you more stealthy.
 o - a +6 ring of strength
 u - the necklace of Bloodlust (around neck) {Fury *Rage Will++ Int-3 Slay+6}
   (You bought it in a shop on level 2 of the Orcish Mines)

   [amulet of nothing]

   Fury:      It extends the wearer's berserk rage when killing foes.
   Int:       It affects your intelligence (-3).
   Slay:      It affects your accuracy & damage with ranged weapons and melee
   (+6).
   *Rage:     It berserks you when you make melee attacks (+50% chance).
   Will:      It greatly increases your willpower.
 F - a ring of willpower
 H - a ring of flight
 L - the ring of Elyvilon's Pride (right hand) {rElec rPois Will+++ rCorr Int-5}
   (You bought it in a shop on level 2 of the Orcish Mines)

   [ring of resist corrosion]

   Int:       It affects your intelligence (-5).
   rElec:     It insulates you from electricity.
   rPois:     It protects you from poison.
   rCorr:     It protects you from acid and corrosion.
   Will:      It greatly increases your willpower.
 V - a +5 ring of evasion (left hand)
Wands
 y - a wand of roots (8)
 A - a wand of charming (30)
 I - a wand of flame (29)
 O - a wand of mindburst (9)
 P - a wand of digging (9) {@v1}
Scrolls
 a - a scroll of fear
 c - a scroll of teleportation {@r3}
 i - 5 scrolls of identify {@r1}
 l - 3 scrolls of revelation
 p - 2 scrolls of blinking {@r4}
 r - 4 scrolls of immolation
 w - 7 scrolls of fog
 z - 2 scrolls of amnesia
 Z - a scroll of poison
Potions
 b - a potion of attraction
 d - 5 potions of cancellation
 g - a potion of lignification
 q - 6 potions of curing {@q1}
 s - 2 potions of invisibility
 v - a potion of berserk rage {unknown}
 x - 6 potions of mutation
 B - 4 potions of brilliance
 C - a potion of enlightenment
 G - 3 potions of haste {@q3}
 K - 3 potions of resistance {@q6}
 T - 6 potions of ambrosia
 X - 3 potions of might {@q4}
Miscellaneous
 D - a phantom mirror
 U - a phial of floods
 W - a condenser vane


   Skills:
 + Level 15.7 Fighting
 + Level 3.1(8.9) Axes
 - Level 14.0(14.1) Maces & Flails
 + Level 19.5 Armour
 + Level 9.7 Dodging
 + Level 11.0 Stealth
 - Level 2.1 Spellcasting
 - Level 3.0 Conjurations
 - Level 10.0 Invocations
 - Level 7.0 Evocations


You had 20 spell levels left.
You knew the following spells:

 Your Spells              Type           Power      Damage    Failure   Level
a - Kiss of Death         Conj/Necr      8%         2d6       45%         1

Your spell library contained the following spells:

 Spells                   Type           Power      Damage    Failure   Level
 Foxfire                  Conj/Fire      8%         2x1d4     45%         1
 Momentum Strike          Conj/Tloc      4%         3d8       61%         2
 Apportation              Tloc           0%         N/A       67%         1
 Beastly Appendage        Tmut           0%         N/A       67%         1
 Necrotise                Necr           0%         1d4       67%         1
 Slow                     Hex            0%         N/A       67%         1
 Summon Small Mammal      Summ           0%         N/A       67%         1
 Blink                    Tloc           0%         N/A       82%         2
 Cigotuvi's Dreadful Rot  Necr/Pois/Air  0%         N/A       82%         2
 Lesser Beckoning         Tloc           0%         N/A       82%         2
 Wereblood                Tmut           0%         N/A       82%         2
 Hailstorm                Conj/Ice       2%         3d3       83%         3
 Confusing Touch          Hex            0%         N/A       96%         3
 Frozen Ramparts          Ice            0%         1d1       96%         3
 Ignite Poison            Fire/Tmut/Pois 0%         N/A       96%         3
 Ozocubu's Armour         Ice            0%         N/A       96%         3
 Spider Form              Tmut/Pois      0%         N/A       96%         3
 Vampiric Draining        Necr           0%         2d6       96%         3
 Vhi's Electric Charge    Tloc/Air       0%         N/A       96%         3
 Volatile Blastmotes      Fire/Tloc      0%         2d10      96%         3
 Fulminant Prism          Conj/Hex       1%         3d5       99%         4
 Iskenderun's Mystic Bla  Conj/Tloc      2%         2d3       99%         4
 Sticky Flame             Conj/Fire      2%         2d3       99%         4
 Animate Dead             Necr           0%         N/A       100%        4
 Dispel Undead            Necr           0%         3d6       100%        4
 Ice Form                 Ice/Tmut       0%         N/A       100%        4
 Leda's Liquefaction      Hex/Erth       0%         N/A       100%        4
 Manifold Assault         Tloc           0%         N/A       100%        4
 Summon Ice Beast         Ice/Summ       0%         N/A       100%        4
 Agony                    Necr           0%         N/A       100%        5
 Arcjolt                  Conj/Air       1%         1d11      100%        5
 Borgnjor's Vile Clutch   Necr/Erth      0%         N/A       100%        5
 Fireball                 Conj/Fire      1%         3d3       100%        5
 Lee's Rapid Deconstruct  Erth           0%         3d4*      100%        5
 Metabolic Englaciation   Hex/Ice        0%         N/A       100%        5
 Summon Forest            Summ/Tloc      0%         N/A       100%        5
 Summon Mana Viper        Hex/Summ       0%         N/A       100%        5
 Death Channel            Necr           0%         N/A       100%        6
 Plasma Beam              Fire/Air       0%         2x1d10    100%        6
 Simulacrum               Ice/Necr       0%         N/A       100%        6
 Starburst                Conj/Fire      1%         6d3       100%        6
 Statue Form              Tmut/Erth      0%         N/A       100%        6
 Summon Cactus Giant      Summ           0%         N/A       100%        6
 Malign Gateway           Summ/Tloc      0%         N/A       100%        7
 Storm Form               Tmut/Air       0%         N/A       100%        7
 Ignition                 Fire           0%         3d3       100%        8
 Maxwell's Capacitive Co  Air            0%         ∞         100%        8
 Summon Horrible Things   Summ           0%         N/A       100%        8
 Shatter                  Erth           0%         3d5*      100%        9


Dungeon Overview and Level Annotations

Branches:
Dungeon (15/15)            Temple (1/1) D:5            Lair (5/5) D:9
 Shoals (3/4) Lair:3        Snake (4/4) Lair:2        Slime (0/5) Lair:4
    Orc (2/2) D:9             Elf (0/3) Orc:2        Vaults (0/5) D:13
 Depths (0/4) D:15        Volcano (visited)

Altars:
Ashenzari
Cheibriados
Dithmenos
Elyvilon
Fedhas
Gozag
Hepliaklqana
Kikubaaqudgha
Makhleb
Nemelex Xobeh
Okawaru
Qazlal
Ru
Sif Muna
Trog
Uskayaw
Vehumet
Wu Jian
Xom
Yredelemnul
Zin
The Shining One
Jiyva
Lugonu

Shops:
D:2 :   D:3 ?   D:8 *   D:9 ?   D:10 [(?   Orc:1 [   Orc:2 =*:=   Shoals:2 ([**
Snake:2 **   Snake:3 **

Portals:
Trove: D:13 (give +4 demon whip)

Annotations:
D:6 1 runed translucent door, L4yla's ghost, novice GnCj
D:8 2 transporters, Zonian's ghost, novice VSGl
Lair:5 exclusion: obsidian statue
Shoals:3 Mara
Snake:3 3 runed translucent doors, exclusion: obsidian statue, benadryl's ghost, adept GrFi
Snake:4 exclusion: 2 doors


Innate Abilities, Weirdness & Mutations

You are completely covered in rugged brown scales. (AC +3, +7% HP)
Armour fits poorly on your strangely shaped body.
You have a long armoured tail.
You roll when moving toward enemies. (Rampage)
Your long tongue fully drains potion bottles. (2x potion effects)
Your tongue gives you trouble enunciating. (1.5x scroll delay)
You have sharp toenails.
You are agile. (Dex +4, Str/Int -1)
Your flesh is very heat resistant. (rF++)
You are somewhat resistant to further mutation.


Message History

You kill Mara!
Mara shimmers and vanishes!
You hit Ofeo's illusion but do no damage.
Mara hits you but does no damage. Ofeo's illusion hits you!!
Space warps around you.
You take 21 damage, and have 72/177 hp.
You slash Mara!
Space warps around Mara.
Mara is almost dead.
You barely miss Ofeo's illusion.
You feel yourself speed up.
Ofeo's illusion is no longer moving slowly.
Mara hits you with a +1 demon blade of freezing!
Mara freezes you. Ofeo's illusion hits you!!
* * * LOW HITPOINT WARNING * * *
You blink.
Splash!
You fall into the shallow water.
You take 24 damage, and have 48/177 hp.
Press: ? - help, v - describe, . - travel
Here: Ofeo's illusion, wielding a weapon of distortion The floor.
You see here a +0 spear.
You see here a +0 spear.
You regained 2 hp, and now have 52/177 hp.
Items here: )) ÷÷.
Mara attacks as you move away!
Mara hits you with a +1 demon blade of freezing!
* * * LOW HITPOINT WARNING * * *
Mara freezes you.
* * * LOW HITPOINT WARNING * * *
Mara blinks!
You take 15 damage, and have 39/177 hp.
Mara attacks as you move away!
Mara hits you with a +1 demon blade of freezing!
* * * LOW HITPOINT WARNING * * *
Mara freezes you.
* * * LOW HITPOINT WARNING * * *
Mara attacks as you move away!
Mara hits you with a +1 demon blade of freezing!!
You die...

###.....## ##..~~≈≈≈≈≈≈≈≈≈≈
.##.....# #.))~≈≈≈≈≈≈≈≈≈≈
.##..#### #.()~≈≈≈≈≈≈≈≈≈≈
###.## #.######.§~~≈≈≈≈≈≈≈≈≈≈
.#...# #.......÷)~~~~≈≈≈≈≈≈≈≈
~...## #........@...~~.~~≈≈≈≈
~~..# ##.......)[.....~~≈≈≈≈
~.### #...##..R....~~~~≈≈≈≈
..##### #..###.R@#..~~~~≈≈≈≈≈
~.....####.....÷....~~≈≈≈≈≈≈≈
~~.....######.......~~≈≈≈≈≈≈≈
~~~~~~~)...#..##....~~≈≈≈≈≈≈≈
~~~~~~~~~...........~~≈≈≈≈≈≈≈
~~~~~~~~~........<.~~~≈≈≈≈≈
≈≈≈~~~~~~~~......~~~~~≈≈≈≈≈
≈≈≈≈≈≈~~~~~~~~~~~~~~~≈≈≈
≈≈≈≈≈≈≈≈≈≈~~~~~~~~~≈≈≈


You could see 2 Maras and Ofeo's illusion.

Vanquished Creatures
  Vashnia (Snake:3)
  Donald (Shoals:1)
  Roxanne (Shoals:1)
  2 nagarajas
  Aizul (Snake:3)
  A caustic shrike skeleton (D:14)
  A juggernaut skeleton (D:14)
  A stone giant (D:15)
  The ghost of testman the Warrior, a journeyman MiBe of Trog (D:14)
  4 dire elephants (Lair:5)
  A merfolk javelineer (Shoals:1)
  4 merfolk impalers
  Josephine (D:10)
  5 salamander tyrants
  8 vault guards (D:13)
  9 hydras
  14 anacondas
  2 spriggan skeletons (D:14)
  A catoblepas (Lair:5)
  2 merfolk aquamancers
  2 two-headed ogres
  4 boulder beetles
  4 centaur warriors
  2 satyrs (Shoals:3)
  12 naga warriors
  A merfolk avatar (Shoals:2)
  2 tengu warriors (D:15)
  5 orc high priests
  7 shock serpents
  8 death yaks
  3 soul eaters (D:14)
  A hell knight (Volcano)
  11 naga sharpshooters
  6 skysharks
  5 salamander mystics
  2 spectral death yaks (Lair:5)
  3 skeletal warriors (D:15)
  A golden dragon zombie (D:14)
  8 naga ritualists
  5 sea snakes
  A spectral anaconda (Lair:5)
  A wizard (D:15)
  A lindwurm (Lair:5)
  4 necromancers (Lair:5)
  9 harpies
  11 orc knights
  A deep elf pyromancer (D:12)
  6 orc sorcerers
  13 mana vipers
  22 salamanders
  3 cyclopes
  6 merfolk sirens
  A stone giant zombie (D:14)
  8 manticores
  8 fauns
  21 elephants
  9 ugly things (D:15)
  2 frost giant skeletons (D:14)
  42 black mambas
  5 guardian serpents
  18 naga magi
  A fire giant skeleton (D:14)
  A gargoyle (D:10)
  2 water nymphs (Shoals:3)
  A cane toad (shapeshifter) (D:13)
  2 unseen horrors
  A rime drake (Lair:1)
  3 komodo dragons
  A kobold demonologist (D:12)
  14 cane toads
  2 freezing wraiths (D:15)
  2 tengu conjurers
  2 efreet
  18 merfolk
  A meliai (D:12)
  4 trolls
  6 polar bears
  2 wind drakes
  An ettin zombie (D:14)
  2 spectral elephants (Lair:5)
  8 snapping turtles
  14 blink frogs
  3 centaur simulacra (D:14)
  2 shadows
  12 slime creatures
  A vampire (D:12)
  A wyvern (shapeshifter) (D:13)
  5 wyverns
  3 basilisks
  8 water elementals
  36 yaks
  5 wraiths
  Eustachio (D:6)
  6 fire bats (Volcano)
  A steam dragon (D:9)
  10 vampire mosquitoes
  A death yak simulacrum (Lair:5)
  7 wargs
  4 acid dragons
  39 nagas
  2 spectral cane toads (Lair:5)
  20 water moccasins
  32 orc warriors
  8 black bears
  4 centaurs
  4 wolves (Lair:1)
  6 ogres
  An elephant skeleton (Lair:5)
  A phantom (D:5)
  4 kobold brigands
  3 gnoll sergeants
  17 bullfrogs
  2 scorpions
  4 wights
  An elephant simulacrum (Lair:5)
  2 electric eels
  3 howler monkeys
  3 lava snakes (Volcano)
  A crimson imp (D:7)
  A gnoll bouda (D:7)
  21 orc priests
  A hound (D:4)
  An iron imp (D:8)
  2 jellies
  A sleepcap (D:6)
  18 orc wizards
  7 iguanas
  8 adders
  21 gnolls
  4 shadow imps
  2 white imps (D:5)
  2 worms
  2 dart slugs
  61 orcs
  3 endoplasms
  4 giant cockroaches
  4 goblins
  6 hobgoblins
  2 jackals (D:4)
  15 kobolds
  3 quokkas (D:1)
  8 ball pythons
  5 bats
  2 frilled lizards
  5 rats
905 creatures vanquished.

Vanquished Creatures (collateral kills)
  A two-headed ogre (D:12)
  2 meliai (D:12)
  3 yaks (D:10)
  A vampire mosquito (D:11)
  An orc priest (D:8)
  An orc wizard (D:12)
  A gnoll (D:10)
  4 orcs
  A kobold (D:12)
15 creatures vanquished.

Vanquished Creatures (others)
  A yak (D:11)
  A lava snake (Volcano)
  An orc wizard (D:8)
  2 orcs
  A kobold (D:12)
6 creatures vanquished.

Grand Total: 926 creatures vanquished

Notes
Turn   | Place    | Note
-------+----------+-------------------------------------------
     0 | D:1      | Ofeo the Armataur Reaver began the quest for the Orb.
     0 | D:1      | Reached XP level 1. HP: 18/18 MP: 3/3
   216 | D:1      | Reached XP level 2. HP: 25/25 MP: 4/4
  1007 | D:2      | Found Dyribliure's Book Shop.
  1267 | D:2      | Reached XP level 3. HP: 30/31 MP: 6/6
  1775 | D:3      | Found a basalt altar of Yredelemnul.
  1808 | D:3      | Reached skill level 1 in Armour
  1808 | D:3      | Reached XP level 4. HP: 9/39 MP: 7/7
  2114 | D:3      | Found an ornate altar of the Wu Jian Council.
  2114 | D:3      | Found a blossoming altar of Fedhas.
  2650 | D:3      | Found The Oracle's Delphic Readings.
  2723 | D:3      | Reached skill level 2 in Armour
  2956 | D:3      | Reached XP level 5. HP: 19/47 MP: 8/8
  3881 | D:4      | Reached skill level 3 in Armour
  4079 | D:4      | Reached XP level 6. HP: 48/54 MP: 9/9
  4575 | D:5      | Entered Level 5 of the Dungeon
  4580 | D:5      | Reached skill level 4 in Armour
  4585 | D:5      | Identified the +1 helmet of Olupes {Rampage rPois Regen+
                  | Stlth-}
  4741 | D:5      | Reached XP level 7. HP: 36/63 MP: 10/10
  4879 | D:5      | Found a staircase to the Ecumenical Temple.
  5285 | D:5      | Reached skill level 5 in Maces & Flails
  5285 | D:5      | Reached skill level 5 in Armour
  6037 | Temple   | Entered the Ecumenical Temple
  6264 | D:6      | Reached skill level 5 in Fighting
  6265 | D:6      | Identified the +6 dagger "Atiugh" {speed, Contam Fly rC++
                  | Will+}
  6304 | D:6      | Reached XP level 8. HP: 72/72 MP: 11/11
  6415 | D:6      | Found an ancient bone altar of Kikubaaqudgha.
  6445 | D:6      | Reached skill level 6 in Armour
  6564 | D:6      | Found a runed translucent door.
  6570 | D:6      | Noticed L4yla's ghost (novice GnCj)
  6707 | D:6      | Noticed Eustachio
  6714 | D:6      | Killed Eustachio
  7491 | D:7      | Found a burning altar of Makhleb.
  7566 | D:7      | Reached skill level 7 in Armour
  7720 | D:7      | Identified the orb of the Apothecary {mayhem, Will+ Stlth+}
  7977 | D:8      | Found a snail-covered altar of Cheibriados.
  8315 | D:7      | Reached XP level 9. HP: 55/83 MP: 12/12
  8404 | D:8      | Found a broken altar of Ashenzari.
  8433 | D:7      | Reached skill level 8 in Armour
  8614 | D:8      | Found Ybbus's Assorted Antiques.
  8630 | D:8      | Identified a scroll of acquirement
  8659 | D:8      | Bought a scroll labelled DIUZYANAZU for 24 gold pieces
  8659 | D:8      | Bought a scroll of identify for 48 gold pieces
  9054 | D:8      | Noticed Zonian's ghost (novice VSGl)
  9055 | D:8      | Found a transporter.
  9058 | D:8      | Identified the +4 dire flail "Puinuun" {distort, rN+}
  9250 | D:8      | Found a transporter.
  9357 | D:8      | Acquired the +2 cloak of Precision Catastrophes {Str+4
                  | Int+2}
  9546 | Temple   | Became a worshipper of Lugonu the Unformed
  9695 | D:9      | Reached skill level 9 in Armour
  9871 | D:9      | Noticed a two-headed ogre
  9891 | D:9      | Killed a two-headed ogre
  9892 | D:9      | Reached XP level 10. HP: 26/94 MP: 13/13
 10006 | D:9      | Found a staircase to the Orcish Mines.
 10040 | D:9      | Reached skill level 10 in Armour
 10085 | D:9      | Noticed a death yak
 10165 | D:9      | Found a sacrificial altar of Ru.
 10195 | D:9      | Found an opulent altar of Gozag.
 10230 | D:9      | Noticed a boulder beetle
 10269 | D:9      | Killed a boulder beetle
 10461 | D:9      | Noticed a death yak
 10536 | D:9      | Noticed a death yak
 10566 | D:9      | Killed a death yak
 10570 | D:9      | Noticed a death yak
 10638 | D:9      | Noticed a death yak
 10760 | D:9      | Found a staircase to the Lair.
 11313 | D:9      | Found Hutirul's Magic Scroll Shoppe.
 11370 | D:10     | Entered Level 10 of the Dungeon
 11385 | D:10     | Noticed a two-headed ogre
 11392 | D:10     | Gained mutation: Your muscles are strong. (Str +4, Int/Dex
                  | -1) [potion of mutation]
 11392 | D:10     | Gained mutation: You occasionally lose the ability to drink
                  | potions when taking damage. [potion of mutation]
 11392 | D:10     | Gained mutation: You have sharp toenails. [potion of
                  | mutation]
 11395 | D:10     | Killed a two-headed ogre
 11396 | D:10     | Reached skill level 11 in Armour
 11446 | D:10     | Reached * piety under Lugonu
 11687 | D:10     | Found Qoutom's Antique Armour Boutique.
 11806 | D:10     | Reached XP level 11. HP: 93/103 MP: 14/14
 11881 | D:10     | Found a glowing silver altar of Zin.
 11881 | D:10     | Found a white marble altar of Elyvilon.
 11881 | D:10     | Found a glowing golden altar of the Shining One.
 11934 | D:10     | Found Saore's Antique Weapon Emporium.
 12111 | D:10     | Found a radiant altar of Vehumet.
 12251 | D:10     | Found Omeyssarph's Magic Scroll Shop.
 12254 | D:10     | Bought a scroll of enchant weapon for 90 gold pieces
 12635 | D:11     | Reached skill level 12 in Armour
 13477 | D:11     | Noticed Josephine
 13497 | D:10     | Reached skill level 10 in Fighting
 13509 | D:10     | Killed Josephine
 13510 | D:10     | Reached skill level 10 in Maces & Flails
 13802 | D:11     | Reached ** piety under Lugonu
 14211 | D:12     | Noticed a two-headed ogre
 14231 | D:12     | Noticed a deep elf pyromancer
 14342 | D:12     | Reached skill level 13 in Armour
 14440 | D:12     | Killed a two-headed ogre
 14532 | Lair:1   | Entered Level 1 of the Lair of Beasts
 14591 | Lair:1   | Reached XP level 12. HP: 92/115 MP: 15/15
 14883 | Lair:1   | Identified the +8 rapier of the Enemy {heavy, Str+4}
 14906 | Lair:1   | Reached *** piety under Lugonu
 14975 | Lair:1   | Reached skill level 14 in Armour
 15033 | Lair:1   | Noticed a five-headed hydra
 15035 | Lair:1   | Reached skill level 1 in Invocations
 15106 | Lair:1   | Killed a five-headed hydra
 16404 | Lair:2   | Found a staircase to the Snake Pit.
 16849 | Lair:2   | Reached **** piety under Lugonu
 17036 | Lair:2   | Reached XP level 13. HP: 124/125 MP: 16/16
 17488 | Snake:1  | Entered Level 1 of the Snake Pit
 18169 | Lair:3   | Found a staircase to the Shoals.
 18980 | Lair:4   | Reached skill level 15 in Armour
 19323 | Lair:4   | Found a dark tunnel.
 19329 | Volcano  | Entered a volcano
 19360 | Volcano  | Reached skill level 5 in Invocations
 19443 | Volcano  | Reached ***** piety under Lugonu
 19536 | Volcano  | Found a burning altar of Makhleb.
 19560 | Volcano  | Found a bloodstained altar of Trog.
 19982 | D:3      | Bought a scroll of acquirement for 728 gold pieces
 19982 | D:3      | Acquired the +0 barding "Sap Jehe" {Dex+3 SInv}
 20530 | Lair:4   | Found a staircase to the Slime Pits.
 20530 | Lair:4   | Found a viscous altar of Jiyva.
 20736 | Lair:5   | Entered Level 5 of the Lair of Beasts
 20882 | Lair:5   | Reached skill level 5 in Dodging
 21010 | Lair:5   | Reached XP level 14. HP: 135/135 MP: 18/18
 22108 | Lair:5   | Reached skill level 16 in Armour
 22689 | Lair:5   | Identified the staff of fire "Archawej" {rElec rF+ Will-
                  | rCorr Str-4}
 23049 | Orc:1    | Entered Level 1 of the Orcish Mines
 23212 | Orc:2    | Entered Level 2 of the Orcish Mines
 23364 | Orc:2    | Reached ****** piety under Lugonu
 23527 | Orc:1    | Found Bemnomam's Antique Armour Emporium.
 24189 | Orc:2    | Found a staircase to the Elven Halls.
 24295 | Orc:2    | Found Qustran's Jewellery Boutique.
 24948 | Orc:2    | Paralysed by an orc sorcerer for 3 turns
 24959 | Orc:2    | Found Guvior's Jewellery Boutique.
 24970 | Orc:2    | Reached XP level 15. HP: 61/145 MP: 21/21
 24972 | Orc:2    | Found Wucsacyrph's Book Emporium.
 24972 | Orc:2    | Found Tejed's General Store.
 25188 | Orc:2    | Bought the ring of Elyvilon's Pride {rElec rPois Will+++
                  | rCorr Int-5} for 724 gold pieces
 26060 | D:13     | Found a portal to a secret trove of treasure.
 26309 | D:13     | Reached skill level 1 in Stealth
 26309 | D:13     | Reached skill level 1 in Evocations
 26565 | D:13     | Found a gate to the Vaults.
 27455 | D:13     | Found a glowing silver altar of Zin.
 27939 | D:14     | Reached skill level 17 in Armour
 28172 | D:14     | Found the +4 Cigotuvi's embrace {Corpsefed rMiasma Drain
                  | rN+}
 28368 | D:14     | Found a runed translucent gate.
 28368 | D:14     | Found a runed translucent gate.
 28369 | D:14     | Found a runed translucent gate.
 28373 | D:14     | Noticed testman's ghost (journeyman MiBe)
 28373 | D:14     | Identified the +0 chain mail of Divine Fun {Regen+ Int+3}
 28395 | D:14     | Identified the +5 flail of the Boiling Point {elec, rF-
                  | Will+ Dex+2}
 28448 | D:14     | Killed testman's ghost
 28792 | D:14     | Identified the ring "Mususmic" {rCorr Stlth+}
 28834 | D:15     | Entered Level 15 of the Dungeon
 29088 | D:15     | Found a shadowy altar of Dithmenos.
 29463 | D:15     | Reached skill level 5 in Stealth
 29625 | D:15     | Reached XP level 16. HP: 128/156 MP: 22/22
 29801 | D:15     | Found a staircase to the Depths.
 31462 | Snake:1  | Reached skill level 5 in Evocations
 31564 | Snake:1  | Identified the +7 chain mail "Yqunk" {rPois}
 32597 | Snake:2  | Found Ecutt's Specific Store.
 32598 | Snake:2  | Found Yloej's General Store.
 32603 | Snake:2  | Identified the staff of air "Xeidyes" {Drain rElec Str+4
                  | Int+3 Dex+5}
 33141 | Snake:2  | Reached skill level 10 in Invocations
 33638 | Snake:2  | Reached skill level 18 in Armour
 33883 | Snake:2  | HP: 7/142 [constriction (2)]
 35262 | Snake:3  | Reached XP level 17. HP: 151/164 MP: 24/24
 35558 | Snake:3  | Noticed Aizul
 35585 | Snake:3  | Killed Aizul
 36031 | Snake:3  | Found a runed translucent gate.
 36031 | Snake:3  | Found a runed translucent gate.
 36031 | Snake:3  | Found a runed translucent gate.
 36033 | Snake:3  | Found an opulent altar of Gozag.
 36034 | Snake:3  | Found Woisyom's Assorted Antiques.
 36034 | Snake:3  | Found Geofanem's Assorted Antiques.
 36034 | Snake:3  | Noticed benadryl's ghost (adept GrFi)
 36458 | Snake:3  | Noticed Vashnia
 37594 | Snake:3  | Found a runed translucent gate.
 37596 | Snake:3  | Found a runed translucent gate.
 37596 | Snake:3  | Found an opulent altar of Gozag.
 37843 | Snake:3  | Reached skill level 15 in Fighting
 37903 | Snake:3  | Killed Vashnia
 38010 | Snake:4  | Entered Level 4 of the Snake Pit
 38072 | Snake:4  | Identified the +2 leather armour of Miann {+Inv Stlth+}
 38619 | Snake:4  | Found a shimmering altar of Xom.
 39255 | Shoals:1 | Entered Level 1 of the Shoals
 39335 | Shoals:1 | Reached skill level 19 in Armour
 39816 | Snake:2  | Bought a scroll of enchant armour for 105 gold pieces
 39816 | Snake:2  | Bought a scroll of enchant weapon for 105 gold pieces
 40023 | Orc:2    | Bought the necklace of Bloodlust {Fury *Rage Will++ Int-3
                  | Slay+6} for 588 gold pieces
 40023 | Orc:2    | Found the necklace of Bloodlust {Fury *Rage Will++ Int-3
                  | Slay+6}
 40050 | Orc:2    | Identified a +5 battleaxe of distortion (a +3 heavy
                  | battleaxe corrupted by Lugonu)
 40050 | Orc:2    | Received a gift from Lugonu
 40272 | Shoals:1 | Noticed Donald
 40287 | Shoals:1 | Killed Donald
 40407 | Shoals:1 | Identified Roxanne's Directory of Excavation
 40407 | Shoals:1 | Noticed Roxanne
 40429 | Shoals:1 | Killed Roxanne
 40430 | Shoals:1 | Reached skill level 1 in Axes
 40430 | Shoals:1 | Reached skill level 10 in Stealth
 41240 | Shoals:2 | Lost mutation: You have sharp toenails. [potion of
                  | mutation]
 41240 | Shoals:2 | Lost mutation: Your muscles are strong. (Str +4, Int/Dex
                  | -1) [potion of mutation]
 41240 | Shoals:2 | Lost mutation: You occasionally lose the ability to drink
                  | potions when taking damage. [potion of mutation]
 41240 | Shoals:2 | Gained mutation: Potions are less effective at restoring
                  | your health. [potion of mutation]
 41240 | Shoals:2 | Gained mutation: You are robust. (+10% HP) [potion of
                  | mutation]
 41240 | Shoals:2 | Gained mutation: You are agile. (Dex +4, Str/Int -1)
                  | [potion of mutation]
 41241 | Shoals:2 | Lost mutation: You are agile. (Dex +4, Str/Int -1) [potion
                  | of mutation]
 41241 | Shoals:2 | Lost mutation: You are robust. (+10% HP) [potion of
                  | mutation]
 41241 | Shoals:2 | Lost mutation: Potions are less effective at restoring your
                  | health. [potion of mutation]
 41241 | Shoals:2 | Gained mutation: You have sharp toenails. [potion of
                  | mutation]
 41241 | Shoals:2 | Gained mutation: You have very sharp teeth. [potion of
                  | mutation]
 41241 | Shoals:2 | Gained mutation: Your flesh is heat resistant. (rF+)
                  | [potion of mutation]
 41241 | Shoals:2 | Gained mutation: You are agile. (Dex +4, Str/Int -1)
                  | [potion of mutation]
 41241 | Shoals:2 | Gained mutation: Your flesh is very heat resistant. (rF++)
                  | [potion of mutation]
 41241 | Shoals:2 | Lost mutation: You have very sharp teeth. [potion of
                  | mutation]
 41241 | Shoals:2 | Gained mutation: You are somewhat resistant to further
                  | mutation. [potion of mutation]
 41611 | Shoals:2 | Found Qomuq's Visitors' Centre.
 41611 | Shoals:2 | Found Qomuq's Merfolk Armours.
 41712 | Shoals:2 | Found Qomuq's Merfolk Magic.
 41714 | Shoals:2 | Found Qomuq's Merfolk Weapons.
 42423 | Shoals:3 | Reached XP level 18. HP: 174/174 MP: 25/25
 42661 | Shoals:3 | Identified the ring "Gox Qiyz" {rC- MP+9 Slay+4 SInv
                  | Stlth+}
 42673 | Shoals:3 | Noticed Mara
 42685 | Shoals:3 | Noticed Ofeo's illusion
 42690 | Shoals:3 | Noticed Ofeo's illusion
 42872 | Shoals:3 | Noticed Ofeo's illusion
 42881 | Shoals:3 | Noticed Ofeo's illusion
 42887 | Shoals:3 | Noticed Ofeo's illusion
 42904 | Shoals:3 | Slain by Mara

Illustrated notes

Levels and vault maps discovered:
D:1:      dreamdust_arrival_beginning_and_end, layout_loops_ring,
          minmay_misc_feat_nine_boxes, minmay_domino_4
D:2:      layout_loops_ring, serial_shops, nicolae_book_shop_shelving,
          grunt_ministairs_9, dreamdust_mushroom_princess
D:3:      layout_loops_cross, mainiacjoe_overflow_surrounded_room,
          gammafunk_temple_overflow_wave, st_stairs_13, kennysheep_cross_room,
          nicolae_nh_oracle_at_delphi
D:4:      layout_basic
D:5:      layout_basic, minmay_temple_entry_hall
D:6:      layout_loops_ring, lemuel_tele_altar, ebering_ghost_reflecting_pool,
          hangedman_abyss_or_decor_passed, uniq_eustachio
D:7:      layout_cave_pods, makhleb_grotto_becter, eino_tiny_chamber
D:8:      layout_rooms, slow_altar_2, ashenzari_altar_1, serial_shops,
          shop_statue, gammafunk_ghost_smash, palyth_stone_intersect
D:9:      layout_irregular_city, nicolae_ru_path_of_blood,
          grunt_gozag_breadcrumbs, dpeg_lair_monsters, david_orc_1_choice,
          serial_shops, nicolae_shop_tiny_real_fake_doors,
          kennysheep_generic_room_7
D:10:     layout_basic, dreamdust_divine_triumvirate, marbit_many_paths,
          serial_shops, shop, nicolae_shop_rolled_up, shop
D:11:     layout_layer_cave, uniq_josephine
D:12:     layout_loops_ring
D:13:     layout_basic, erik_vaults_2, nicolae_trove_entry_crossroad,
          zin_scriptorium
D:14:     layout_rooms, biasface_ghost_orc_armoury,
          hellmonk_guarded_unrand_cigotuvi
D:15:     grunt_enter_depths_snipers, layout_irregular_city,
          nicolae_dithmenos_through_a_glass_darkly, grunt_decor_arrowhead
Temple:   corrupted_temple
Lair:1:   beast_lair_carwin_large_3, layout_cave_pods, serial_bayou_ford_a,
          lemuel_fruit_fields, lemuel_fruit_fields, lemuel_fruit_fields
Lair:2:   layout_cave_pods, minmay_snake_entry_six_corridors
Lair:3:   layout_cave_pods, elwin_shoals_entry_rocks
Lair:4:   layout_gridlike, slime_entry_1, nicolae_volcano_entry_s_turn,
          grunt_megastairs_3
Lair:5:   due_jungle_book, layout_regular_city, lemuel_fruit_fields
Shoals:1: layout_shoals, uniq_donald, uniq_roxanne
Shoals:2: nicolae_shoals_mermall, layout_shoals, nzn_prometheus_bound
Shoals:3: dreamdust_from_the_deep, layout_shoals, uniq_mara
Snake:1:  layout_honeycomb, drop_trap
Snake:2:  layout_grid_maze, st_stairs_6, drop_trap, nicolae_specific_store,
          nicolae_snake_scaly_snakehead, lemuel_fruit_tree
Snake:3:  layout_gridlike, ebering_ghost_gozag, uniq_vashnia, uniq_aizul
Snake:4:  johnstein_snake_rune_scales, layout_grid_shapes, basic_altar
Orc:1:    layout_caves, basic_altar, serial_shops, shop
Orc:2:    st_orc_elflike, layout_diamond_mine, rock_pile

Skill      XL: |  1  2  3  4  5  6  7  8  9 10 11 12 13 14 15 16 17 18 |
---------------+-------------------------------------------------------+-----
Fighting       | 2 3 4 5 6 8 9 10 11 12 13 14 15 | 15.7
Spellcasting   | 2 |  2.1
Maces & Flails | 3 4 5 6 7 9 10 11 12 13 14 | 14.0
Conjurations   | 3 |  3.0
Armour         | 1 2 3 4 5 7 9 11 13 14 15 16 17 18 19 | 19.5
Dodging        | 3 5 6 7 8 9 |  9.7
Invocations    | 3 6 8 9 10 | 10.0
Stealth        | 5 7 10 11 | 11.0
Evocations     | 4 6 7 |  7.0
Axes           | 2 3 |  3.1

Action                     |  1- 3 |  4- 6 |  7- 9 | 10-12 | 13-15 | 16-18 || total
---------------------------+-------+-------+-------+-------+-------+-------++-------
  Melee: Mace              |    94 |   140 |   258 |   308 |       |       ||   800
         Tailslap          |    10 |    10 |    28 |    72 |   309 |   266 ||   695
         Kick              |       |       |       |   111 |    75 |       ||   186
         Dire flail        |       |       |       |   231 |  1503 |  1200 ||  2934
         Battleaxe         |       |       |       |       |       |   255 ||   255
  Throw: Dart              |       |       |       |     8 |       |       ||     8
 Invoke: Brand Weapon With |       |       |       |       |       |     1 ||     1
  Evoke: Wand              |       |       |     4 |     3 |     2 |     1 ||    10
    Use: Scroll            |     9 |     1 |    11 |    11 |    15 |     7 ||    54
         Potion            |       |     1 |       |     5 |     5 |     7 ||    18
   Stab: Distracted        |       |       |     2 |     1 |       |       ||     3
         Invisible         |       |       |       |     2 |       |       ||     2
         Sleeping          |       |       |       |       |       |     3 ||     3
 Armour: Leather armour    |    30 |       |       |       |   111 |   217 ||   358
         Ring mail         |    15 |   114 |       |       |       |       ||   129
         Plate armour      |       |     1 |   275 |   546 |   189 |       ||  1011
         Chain mail        |       |       |       |       |   633 |   699 ||  1332
  Dodge: Dodged            |    52 |    88 |    97 |   210 |   496 |   800 ||  1743
  Block: Buckler           |    14 |    15 |    16 |       |       |       ||    45

Table legend: (Time is in decaauts)
 A = Elapsed time spent in this place.
 B = Non-inter-level travel time spent in this place.
 C = Inter-level travel time spent in this place.
 D = Time resting spent in this place.
 E = Time spent auto-exploring this place.
 F = Levels seen in this place.
 G = Mean time per level.
                   A        B        C        D        E       F      G
               +--------+--------+--------+--------+--------+-----+--------+
         Total |  42656 |  38673 |   3983 |   5992 |  23252 |  31 | 1376.0 |
       Dungeon |  20657 |  18711 |   1946 |   2320 |  12179 |  15 | 1377.1 |
        Temple |    156 |    121 |     35 |      0 |     34 |   1 |  156.0 |
          Lair |   8037 |   6881 |   1156 |    572 |   4650 |   5 | 1607.4 |
        Shoals |   2792 |   2634 |    158 |    692 |   1083 |   3 |  930.7 |
     Snake Pit |   8415 |   7928 |    487 |   1910 |   4224 |   4 | 2103.8 |
  Orcish Mines |   2259 |   2061 |    198 |    471 |   1035 |   2 | 1129.5 |
       Volcano |    338 |    338 |      0 |     27 |     47 |   1 |  338.0 |
               +--------+--------+--------+--------+--------+-----+--------+

Top non-repeatable levels by time:
 Snake:2: 2904 daAuts
 Snake:3: 2282 daAuts
 Snake:1: 2235 daAuts
     D:9: 2161 daAuts
  Lair:5: 2056 daAuts
  Lair:2: 1929 daAuts
   Orc:2: 1823 daAuts
     D:5: 1754 daAuts
  Lair:1: 1750 daAuts
     D:3: 1611 daAuts
    D:11: 1562 daAuts
    D:15: 1521 daAuts
    D:13: 1511 daAuts
     D:7: 1378 daAuts
    D:10: 1371 daAuts
